 Dungeon Sprint DCSS version 0.21-a0-286-g6fcecc0 (webtiles) character file.

88 potatolord6000 the Conjurer (level 4, 0/24 HPs)
             Began as a Deep Elf Conjurer on Sept 26, 2017.
             Was a Follower of Sif Muna.
             Succumbed to a worker ant's poison
             ... in the Dungeon (Sprint VII: "The Pits").
             The game lasted 00:04:47 (364 turns).

potatolord6000 the Conjurer (Deep Elf Conjurer)      Turns: 364, Time: 00:04:47

Health: 0/24       AC:  2    Str:  5    XL:     4   Next: 30%
Magic:  7/13       EV: 15    Int: 21    God:    Sif Muna [*.....]
Gold:   0          SH:  0    Dex: 15    Spells: 11/14 levels left

rFire    . . .     SeeInvis .   p - staff of energy
rCold    . . .     Gourm    .   (no shield)
rNeg     . . .     Faith    .   a - +0 robe
rPois    .         Spirit   .   (no helmet)
rElec    .         Reflect  .   (no cloak)
rCorr    .         Harm     .   (no gloves)
MR       .....     NoTele   +   (no boots)
Stlth    +++.......             (no amulet)
HPRegen  0.08/turn              (no ring)
MPRegen  0.13/turn              (no ring)

@: lethally poisoned (0 -> -5)
A: no striking features
a: Divine Energy, Renounce Religion


You were in the Dungeon.
You worshipped Sif Muna.
Sif Muna was aware of your devotion.
You were not hungry.

You visited 1 branch

Inventory:

Armour
 a - a +0 robe (worn)
Magical Staves
 p - an uncursed staff of energy (weapon)
Scrolls
 k - 3 scrolls of remove curse
 l - 5 scrolls of amnesia
Potions
 f - a potion of haste
 g - 3 potions of magic
 h - 3 potions of berserk rage
 j - 2 potions of invisibility
Books
 b - a book of Conjurations

   Spells                             Type                      Level
   a - Magic Dart                     Conjuration                  1
   b - Searing Ray                    Conjuration                  2
   c - Dazzling Spray                 Conjuration/Hexes            3
   d - Fulminant Prism                Conjuration/Hexes            4
   e - Force Lance                    Conjuration/Translocation    4
   f - Iskenderun's Mystic Blast      Conjuration                  4
Comestibles
 c - 8 bread rations
 n - 40 fruits
 o - 7 meat rations


   Skills:
 + Level 5.1 Dodging
 + Level 5.4 Stealth
 + Level 5.8 Spellcasting
 + Level 6.2 Conjurations
 + Level 3.6 Evocations


You had 11 spell levels left.
You knew the following spells:

 Your Spells              Type           Power        Failure   Level  Hunger
a - Magic Dart            Conj           ####         1%          1    None
b - Searing Ray           Conj           ####..       1%          2    None


Dungeon Overview and Level Annotations

Branches:
Dungeon (1/1)

Altars:
Ashenzari
Cheibriados
Dithmenos
Elyvilon
Fedhas
Gozag
Hepliaklqana
Kikubaaqudgha
Makhleb
Nemelex Xobeh
Okawaru
Qazlal
Ru
Sif Muna
Trog
Uskayaw
Vehumet
Wu Jian
Xom
Yredelemnul
Zin
The Shining One
Beogh
Jiyva
Lugonu


Message History

* * * LOW HITPOINT WARNING * * *
Okay, then.
The searing ray hits the worker ant.
You kill the worker ant!
Sif Muna accepts your kill.
Your Dodging skill increases to level 5!
Your Conjurations skill increases to level 6!
You have reached level 4!
You feel clever.
You finish channeling your searing ray.
Unknown command.
Drop what? 12/52 slots (_ for help) (? for menu, Esc to quit)
Okay, then.
Okay, then.
There is an open door, spattered with blood here.
You see here a hound corpse.
* * * LOW HITPOINT WARNING * * *
You feel sick.
You see here a river rat corpse.
You die...

##########'##...........
#.?(.')))'.##......#..#.
##########.##...........
#...........'...........
#+#####'#####......#..#.
#..#..#..##...........
#..').'..#####'#####++
##+####†###.......#
#....@.†.##.......#
#....†...##.......#
#####+#####...<...#
#.......# #.......#
#.......# #########


There were no monsters in sight!

Vanquished Creatures
  A hound (D)
  A worker ant (D)
  A river rat (D)
  An ooze (D)
  A bat zombie (D)
  A jackal (D)
  A frilled lizard (D)
7 creatures vanquished.

Vanquished Creatures (collateral kills)
  A worker ant (D)
  An orc (D)
  A hobgoblin (D)
  2 jackals (D)
5 creatures vanquished.

Grand Total: 12 creatures vanquished

Notes
Turn   | Place    | Note
-------+----------+-------------------------------------------
     0 | D        | potatolord6000 the Deep Elf Conjurer began the quest for the Orb.
     0 | D        | Reached XP level 1. HP: 10/10 MP: 6/6
   121 | D        | Found a bloodstained altar of Trog.
   121 | D        | Found a deep blue altar of Sif Muna.
   121 | D        | Found a viscous altar of Jiyva.
   121 | D        | Found a hazy altar of Hepliaklqana.
   121 | D        | Found an opulent altar of Gozag.
   122 | D        | Found a glowing golden altar of the Shining One.
   122 | D        | Found a glowing silver altar of Zin.
   122 | D        | Found a basalt altar of Yredelemnul.
   122 | D        | Found a shimmering altar of Xom.
   122 | D        | Found an ornate altar of the Wu Jian Council.
   122 | D        | Found a sacrificial altar of Ru.
   122 | D        | Found a stormy altar of Qazlal.
   122 | D        | Found an iron altar of Okawaru.
   122 | D        | Found a sparkling altar of Nemelex Xobeh.
   122 | D        | Found a burning altar of Makhleb.
   122 | D        | Found a blossoming altar of Fedhas.
   122 | D        | Found a white marble altar of Elyvilon.
   122 | D        | Found a shadowy altar of Dithmenos.
   122 | D        | Found a snail-covered altar of Cheibriados.
   124 | D        | Found a radiant altar of Vehumet.
   124 | D        | Found a corrupted altar of Lugonu.
   124 | D        | Found a roughly hewn altar of Beogh.
   126 | D        | Found an ancient bone altar of Kikubaaqudgha.
   126 | D        | Found a hide-covered altar of Uskayaw.
   126 | D        | Found a shattered altar of Ashenzari.
   127 | D        | Became a worshipper of Sif Muna the Loreminder
   201 | D        | Noticed a worker ant
   219 | D        | Killed a worker ant
   219 | D        | Reached skill level 5 in Conjurations
   219 | D        | Reached skill level 1 in Evocations
   219 | D        | Reached XP level 2. HP: 15/15 MP: 9/9
   230 | D        | Learned a level 2 spell: Searing Ray
   254 | D        | Reached * piety under Sif Muna
   354 | D        | Reached skill level 5 in Spellcasting
   354 | D        | Reached XP level 3. HP: 18/19 MP: 3/11
   359 | D        | Reached skill level 5 in Stealth
   360 | D        | Reached skill level 5 in Dodging
   360 | D        | Reached skill level 6 in Conjurations
   360 | D        | Reached XP level 4. HP: 2/24 MP: 8/13
   362 | D        | HP: 1/24 [poisoned by a worker ant]
   364 | D        | Succumbed to a worker ant's poison

Vault maps used:
D:        pitsprint

Skill      XL: |  1  2  3 |
---------------+----------+-----
Dodging        | 3 4 5 |  5.1
Stealth        | 3 4 5 |  5.4
Spellcasting   | 4 5 |  5.8
Conjurations   | 5 6 |  6.2
Evocations     | 1 2 3 |  3.6

Action                   |  1- 3 |  4- 6 || total
-------------------------+-------+-------++-------
Melee: Staff             |     1 |       ||     1
 Cast: Magic Dart        |    12 |       ||    12
       Searing Ray       |     3 |       ||     3
Evoke: Staff of energy   |     1 |       ||     1
  Use: Potion            |     3 |       ||     3
       Scroll            |     2 |       ||     2
Armor: Robe              |     3 |       ||     3
Dodge: Dodged            |    19 |       ||    19

Table legend:
 A = Spawn XP
 B = Non-spawn XP
 C = Spawn XP percentage of total XP
 D = Spawn monster count
 E = Non-spawn monster count
 F = Spawn count percentage of total count
 G = Total turns spent on level
                    A         B        C        D         E        F      G
               +---------+---------+-------+---------+---------+-------+---------
         Total |       0 |     127 |   0.0 |       0 |      12 |   0.0 |   364
               +---------+---------+-------+---------+---------+-------+---------
             D |       0 |     127 |   0.0 |       0 |      12 |   0.0 |   364
               +---------+---------+-------+---------+---------+-------+---------
